 Dungeon Crawl Stone Soup version 0.27-a0-1177-g245c70e1c0 (webtiles) character file.

Game seed: 10127357857470024801

15 bande the Shield-Bearer (level 2, 19/19 HPs)
             Began as a Gargoyle Fighter on May 16, 2021.
             Quit the game on level 1 of the Dungeon.
             The game lasted 00:00:31 (267 turns).

bande the Shield-Bearer (Gargoyle Fighter)           Turns: 267, Time: 00:00:32

Health: 19/19      AC:  9    Str: 19    XL:     2   Next: 50%
Magic:  2/2        EV:  7    Int:  8    God:
Gold:   9          SH:  9    Dex:  9    Spells: 1/1 levels left

rFire    . . .     SeeInvis .   a - +0 war axe
rCold    . . .     Faith    .   c - +0 kite shield
rNeg     + . .     Spirit   .   b - +0 scale mail
rPois    ∞         Reflect  .   (helmet restricted)
rElec    +         Harm     .   (no cloak)
rCorr    .         Rampage  .   (no gloves)
Will     .....                  (no boots)
Stlth    ..........             (no amulet)
HPRegen  0.06/turn              (no ring)
MPRegen  0.08/turn              (no ring)

@: no status effects
A: sickness immunity, AC +2, negative energy resistance 1, electricity
resistance, torment resistance 1, petrification resistance, antennae 1,
deterioration 1
a: no special abilities


You were on level 1 of the Dungeon.
You visited 1 branch of the dungeon, and saw 1 of its levels.

You collected 9 gold pieces.

Inventory:

Hand Weapons
 a - a +0 war axe (weapon)
Missiles
 g - a throwing net (quivered)
Armour
 b - a +0 scale mail (worn)
 c - a +0 kite shield (worn)
Jewellery
 f - a +6 ring of dexterity
Scrolls
 e - 2 scrolls of identify {unknown}
 h - a scroll of teleportation {unknown}
 i - a scroll of summoning {unknown}
 j - a scroll of vulnerability {unknown}
 k - a scroll of amnesia {unknown}
Potions
 d - a potion of might
 l - a potion of attraction {unknown}


   Skills:
 + Level 3.4 Fighting
 + Level 2.0 Axes
 + Level 3.4 Armour
 + Level 3.7 Shields


You had one spell level left.
You didn't know any spells.
Your spell library was empty.

Dungeon Overview and Level Annotations

Branches:
Dungeon (1/15)

Altars:


Innate Abilities, Weirdness & Mutations

You are immune to sickness and miasma.
Your stone body is resilient. (AC +2)
You are immune to poison.
You resist negative energy. (rN+)
You are resistant to electric shocks. (rElec)
You are resistant to unholy torment.
You are immune to petrification.
You have a pair of small antennae on your head.
Your body sometimes deteriorates upon taking damage.


Message History

Your Axes skill increases to level 2!
The jackal bites you but does no damage. x2
You block the jackal's attack.
The jackal bites you but does no damage. x2
Found a smoky grey potion.
You see here a bat corpse.
You block the jackal's attack.
The jackal bites you but does no damage. x2
You open the door. You block the jackal's attack. x2
The jackal bites you but does no damage. x2
The jackal bites you but does no damage. x2
There is an open door here.
You slash the jackal!
You kill the jackal!
You hit the jackal.
You kill the jackal!
The jackal bites you. You block the jackal's attack.
You barely miss the jackal. You completely miss the jackal.
You block the jackal's attack. The jackal barely misses you. x2
The jackal bites you but does no damage.
You hit the jackal.
You kill the jackal!
You miss the jackal.
The jackal bites you but does no damage. x2
You hit the hobgoblin but do no damage. You miss the jackal.
The jackal barely misses you. You block the hobgoblin's attack.
You block the jackal's attack. The hobgoblin hits you.
You slash the hobgoblin!
You kill the hobgoblin!
You slash the jackal!
You kill the jackal!
You see here a jackal corpse.
You see here a bat corpse.
It was a potion of mutation.
You feel extremely strange.
You feel yourself wasting away. A pair of antennae grows on your head!
Things that are here:
a +0 dagger; a kobold corpse
k - a scroll labelled ANUNWI DIV
l - a smoky grey potion Are you sure you want to abandon this character and quit the game? (Confirm with "yes".)

.
#.###.#.....†#.....###
..+.......)..††'.(.....
......#.#.##.###......#
#...........# #+#...#
#...........# ...#
#...##.##.#.# #
##..#...#...#
##...#.....#
#..#..@#...#
##.##.##...# . ....
...# #..#.#.# ..# ## #.
.. .# ## ##. ..


There were no monsters in sight!

Vanquished Creatures
  2 bats (D:1)
  A giant cockroach (D:1)
  3 hobgoblins (D:1)
  4 jackals (D:1)
  A kobold (D:1)
11 creatures vanquished.

Notes
Turn   | Place    | Note
-------+----------+-------------------------------------------
     0 | D:1      | bande the Gargoyle Fighter began the quest for the Orb.
     0 | D:1      | Reached XP level 1. HP: 14/14 MP: 1/1
   143 | D:1      | Reached XP level 2. HP: 16/19 MP: 2/2
   157 | D:1      | Gained mutation: Your body sometimes deteriorates upon
                  | taking damage. [potion of mutation]
   157 | D:1      | Gained mutation: You have a pair of small antennae on your
                  | head. [potion of mutation]
   267 | D:1      | Quit the game

Illustrated notes

Levels and vault maps discovered:
D:1:      dpeg_arrival_shelter, layout_basic, chequers_ecumenical_altar_grove,
          minmay_tromino_v4_b

Skill      XL: |  1  2 |
---------------+-------+-----
Axes           | 2 |  2.0
Fighting       | |  3.4
Armour         | |  3.4
Shields        | |  3.7

Action                   || total
-------------------------++-------
Melee: War axe           ||    18
  Use: Potion            ||     1
Armor: Scale mail        ||    33
Dodge: Dodged            ||    12
Block: Kite shield       ||    17

Table legend: (Time is in decaauts)
 A = Elapsed time spent in this place.
 B = Non-inter-level travel time spent in this place.
 C = Inter-level travel time spent in this place.
 D = Time resting spent in this place.
 E = Time spent auto-exploring this place.
 F = Levels seen in this place.
 G = Mean time per level.
                   A        B        C        D        E       F      G
               +--------+--------+--------+--------+--------+-----+--------+
         Total |    278 |    278 |      0 |      0 |    217 |   1 |  278.0 |
       Dungeon |    278 |    278 |      0 |      0 |    217 |   1 |  278.0 |
               +--------+--------+--------+--------+--------+-----+--------+

Top non-repeatable levels by time:
     D:1: 278 daAuts
